 Dungeon Crawl Stone Soup version 0.26-a0-1021-gda264ca44c (webtiles) character file.

Game seed: 6401227580320707809

451 sokol815 the Sneak (level 7, 0/40 HPs)
             Began as a Kobold Brigand on Dec 9, 2020.
             Killed from afar by an orc wizard (8 damage)
             ... with a puff of frost
             ... on level 4 of the Dungeon.
             The game lasted 00:08:32 (3669 turns).

sokol815 the Sneak (Kobold Brigand)                 Turns: 3669, Time: 00:08:34

Health: 0/40       AC:  7    Str:  8    XL:     7   Next: 25%
Magic:  7/7        EV: 11    Int: 13    God:
Gold:   187        SH:  7    Dex: 18    Spells: 6/6 levels left

rFire    . . .     SeeInvis .   a - +2 dagger
rCold    . . .     Faith    .   g - +0 kite shield
rNeg     . . .     Spirit   .   n - +0 ring mail
rPois    .         Reflect  .   (helmet restricted)
rElec    .         Harm     .   c - +0 cloak
rCorr    .         Rampage  .   (no gloves)
Will     .....                  q - +0 pair of boots
Stlth    ++++......             (no amulet)
HPRegen  0.13/turn              (no ring)
MPRegen  0.10/turn              (no ring)

@: no status effects
A: small, beak, mutation resistance 1, nightstalker 3, MP-powered wands
a: no special abilities


You were on level 4 of the Dungeon.
You visited 1 branch of the dungeon, and saw 4 of its levels.

You collected 187 gold pieces.

Inventory:

Hand Weapons
 a - a +2 dagger (weapon)
 x - a cursed -1 mace
Missiles
 d - 21 poisoned darts (quivered)
 e - 2 curare-tipped darts
 k - 147 stones
 p - 7 boomerangs
 v - 22 sling bullets
 y - 21 bolts
Armour
 b - a +0 robe
 c - a +0 cloak (worn)
 g - a +0 kite shield (worn)
 h - a +0 plate armour
 n - a +0 ring mail (worn)
 q - a +0 pair of boots (worn)
Wands
 s - a wand of paralysis (4)
Scrolls
 f - 2 scrolls of magic mapping {unknown}
 i - 3 scrolls of amnesia {unknown}
 j - 5 scrolls of teleportation {unknown}
 l - a scroll of enchant weapon {unknown}
 m - a scroll of identify
 o - 5 scrolls of noise {unknown}
 u - 3 scrolls of remove curse {unknown}
 w - a scroll of random uselessness {unknown}
Potions
 r - a potion of invisibility {unknown}
 t - a potion of might
 z - 2 potions of flight
 A - a potion of heal wounds
 B - 2 potions of haste {unknown}


   Skills:
 - Level 2.1 Fighting
 * Level 6.2 Short Blades
 - Level 2.1 Throwing
 + Level 3.6 Dodging
 + Level 6.8 Stealth
 * Level 4.1 Evocations


You had 6 spell levels left.
You didn't know any spells.
Your spell library was empty.

Dungeon Overview and Level Annotations

Branches:
Dungeon (4/15)
 Temple: D:4-7

Altars:

Annotations:
D:4 1 runed translucent door, exclusion: ogre, Crazy Yiuf


Innate Abilities, Weirdness & Mutations

You are small and have problems with some larger weapons.
You are completely attuned to the shadows.
You have a beak for a mouth.
You are somewhat resistant to further mutation.
You expend magic power (3 MP) to strengthen your wands.


Message History

Here: an orc wizard, wielding a +0 dagger and wearing a +0 robe (fast)
The floor.
Unknown command.
You hit the orc priest. You peck the orc priest.
The orc priest is moderately wounded.
The orc priest hits you with a cursed -3 flail.
An orc comes into view. It is wielding a +0 flail.
The orc wizard gestures at you while chanting.
The puff of flame hits you!
The orc priest miscasts a cantrip.
The orc wizard gestures at you while chanting.
The puff of frost hits you!
You hit the orc wizard.
The orc wizard is lightly wounded.
The orc priest mumbles some strange prayers to Beogh against you.
Pain shoots through your body!
* * * LOW HITPOINT WARNING * * *
The orc wizard gestures at you while chanting.
The puff of frost hits you!
You die...

.....(....# .....o...####
......###.#.## .....## #....##
...### ##..o..# ### ##...†..##
##........## #.........o###
########
#.........@..######......##
#.......÷.................#
##.........................
#.............#...........
#####.............#.........##
##................##........###
..................##.......## #
..................###.....## ##
#######..........## #...### ##.


You could see an orc priest and an orc wizard (fast).

Vanquished Creatures
  A phantom (D:4)
  2 scorpions (D:4)
  2 orc wizards (D:4)
  2 worker ants (D:4)
  6 adders
  2 oozes
  A worm (D:3)
  2 dart slugs
  5 leopard geckos
  An orc (D:4)
  3 giant cockroaches
  10 goblins
  12 hobgoblins
  13 jackals
  5 kobolds
  2 ball pythons
  A ball python skeleton (D:4)
  8 bats
  2 frilled lizards (D:4)
  A leopard gecko skeleton (D:4)
  5 rats
86 creatures vanquished.

Notes
Turn   | Place    | Note
-------+----------+-------------------------------------------
     0 | D:1      | sokol815 the Kobold Brigand began the quest for the Orb.
     0 | D:1      | Reached XP level 1. HP: 12/12 MP: 1/1
   285 | D:1      | Reached XP level 2. HP: 13/17 MP: 2/2
   572 | D:1      | Reached XP level 3. HP: 21/21 MP: 3/3
  1435 | D:2      | Reached XP level 4. HP: 26/26 MP: 4/4
  1578 | D:2      | Reached skill level 1 in Evocations
  1763 | D:2      | Reached XP level 5. HP: 30/30 MP: 5/5
  2100 | D:3      | Gained mutation: You expend magic power (3 MP) to
                  | strengthen your wands. [potion of mutation]
  2100 | D:3      | Gained mutation: You are somewhat resistant to further
                  | mutation. [potion of mutation]
  2100 | D:3      | Gained mutation: You have a beak for a mouth. [potion of
                  | mutation]
  2839 | D:4      | Reached skill level 5 in Short Blades
  2842 | D:4      | Noticed a phantom
  2846 | D:4      | Killed a phantom
  2847 | D:4      | Reached XP level 6. HP: 35/35 MP: 6/6
  2991 | D:4      | Reached XP level 7. HP: 12/40 MP: 1/7
  3603 | D:4      | Found a runed translucent door.
  3606 | D:4      | Noticed Crazy Yiuf
  3669 | D:4      | Killed from afar by an orc wizard

Illustrated notes

Levels and vault maps discovered:
D:1:      minmay_arrival_five_plusses, layout_loops_cross
D:2:      minmay_diamond_boxcup, layout_rooms, serial_forest,
          infiniplex_forest_straight_2, infiniplex_forest_lined_ring,
          infiniplex_forest_corner_1, infiniplex_forest_end_1,
          infiniplex_forest_straight_3, infiniplex_forest_clump_small
D:3:      layout_basic
D:4:      layout_cave_pods, minmay_temple_entry_proselytizer,
          minmay_misc_feat_more_columns, uniq_crazy_yiuf_cottage

Skill      XL: |  1  2  3  4  5  6  7 |
---------------+----------------------+-----
Short Blades   | 3 4 5 6 |  6.2
Dodging        | 2 3 |  3.6
Evocations     | 1 3 4 |  4.1
Stealth        | 6 |  6.8
Fighting       | |  2.1
Throwing       | |  2.1

Action                   |  1- 3 |  4- 6 |  7- 9 || total
-------------------------+-------+-------+-------++-------
Melee: Dagger            |   135 |   137 |    21 ||   293
       Peck              |       |     9 |     2 ||    11
Evoke: Wand              |       |     5 |     1 ||     6
  Use: Scroll            |       |     6 |       ||     6
       Potion            |       |     1 |       ||     1
 Stab: Sleeping          |    10 |    20 |     2 ||    32
       Paralysed         |       |     1 |     1 ||     2
       Distracted        |       |       |     1 ||     1
Armor: Plate armour      |    37 |       |       ||    37
       Robe              |     6 |       |       ||     6
       Ring mail         |    17 |    36 |     1 ||    54
Dodge: Dodged            |    40 |    39 |     4 ||    83
Block: Kite shield       |       |     9 |     4 ||    13

Table legend: (Time is in decaauts)
 A = Elapsed time spent in this place.
 B = Non-inter-level travel time spent in this place.
 C = Inter-level travel time spent in this place.
 D = Time resting spent in this place.
 E = Time spent auto-exploring this place.
 F = Levels seen in this place.
 G = Mean time per level.
                   A        B        C        D        E       F      G
               +--------+--------+--------+--------+--------+-----+--------+
         Total |   3612 |   3556 |     56 |    754 |   2200 |   4 |  903.0 |
       Dungeon |   3612 |   3556 |     56 |    754 |   2200 |   4 |  903.0 |
               +--------+--------+--------+--------+--------+-----+--------+

Top non-repeatable levels by time:
     D:1: 1181 daAuts
     D:3: 906 daAuts
     D:4: 828 daAuts
     D:2: 696 daAuts
